MLB
PHILADELPHIA PHILLIES @ ATLANTA BRAVES
03/15/2044
 
TOP OF THE 1ST
Philadelphia Phillies batting - Pitching for Atlanta Braves : LHP Joe Testa
Pitching: LHP Joe Testa
Batting: RHB Chef Belew 0-0: Called Strike
0-1: Ball
1-1: Foul Ball, location: 2F
1-2: SINGLE (Groundball, 6MD, EV 100.0 MPH)
Batting: LHB Jeff Luvisi 0-0: Foul Ball, location: 2F
0-1: Fielders Choice at 2nd, 5-4 (Groundball, 5L, EV 85.0 MPH)
Batting: LHB Alberto Figueroa 0-0: Called Strike
0-1: Ball
1-1: Ball
2-1: Fielders Choice at 2nd, 3-6 (Groundball, 3S, EV 89.4 MPH)
Batting: RHB Raul de la Cruz 0-0: Ball
Alberto Figueroa steals 2nd base
1-0: Ball
2-0: Ball
3-0: Called Strike
3-1: Base on Balls
Batting: RHB Bill O'Neal 0-0: Called Strike
0-1: Ball
1-1: Foul Ball, location: 2F
1-2: Strikes out swinging
Top of the 1st over - 0 runs, 1 hit, 0 errors, 2 left on base; Philadelphia 0 - Atlanta 0
BOTTOM OF THE 1ST
Atlanta Braves batting - Pitching for Philadelphia Phillies : RHP Scott Bernstein
Pitching: RHP Scott Bernstein
Batting: RHB Liangde Li 0-0: Called Strike
0-1: Ball
1-1: Ball
2-1: Foul Ball, location: 2F
2-2: Foul Ball, location: 2F
2-2: Fly out, F8 (Flyball, 8RD, EV 90.0 MPH)
Batting: LHB Colin Worthington 0-0: Ball
1-0: Ball
2-0: Called Strike
2-1: Foul Ball, location: 2F
2-2: Foul Ball, location: 2F
2-2: Ball
3-2: Foul Ball, location: 2F
3-2: Fly out, F8 (Flyball, 8LD, EV 101.9 MPH)
Batting: RHB Jake Lang 0-0: Foul Ball, location: 2F
0-1: Foul Ball, location: 2F
0-2: Ball
1-2: Ball
2-2: Foul Ball, location: 2F
2-2: SINGLE (Line Drive, 78S, EV 88.1 MPH)
Batting: LHB Seth Cook 0-0: Foul Ball, location: 2F
0-1: Ball
1-1: Ball
2-1: SINGLE (Groundball, 56S, EV 71.9 MPH) (infield hit)
Jake Lang to second
Batting: RHB Butch Kaiser 0-0: Ball
1-0: Called Strike
1-1: Ball
2-1: TRIPLE (Flyball, 89XD, EV 90.0 MPH)
Jake Lang scores
Seth Cook scores
Batting: RHB Kanehisa Kubo 0-0: Ball
1-0: Ball
2-0: Called Strike
2-1: Ball
3-1: DOUBLE (Line Drive, 9LS, EV 101.9 MPH)
Butch Kaiser scores
Batting: LHB Tom Best 0-0: Ball
1-0: Ball
2-0: Swinging Strike
2-1: Foul Ball, location: 2F
2-2: Ball
3-2: Foul Ball, location: 2F
3-2: Strikes out swinging
Bottom of the 1st over - 3 runs, 4 hits, 0 errors, 1 left on base; Philadelphia 0 - Atlanta 3
TOP OF THE 2ND
Philadelphia Phillies batting - Pitching for Atlanta Braves : LHP Joe Testa
Batting: LHB Nick Canizales 0-0: Ball
1-0: Ball
2-0: Swinging Strike
2-1: SINGLE (Line Drive, 78M, EV 95.0 MPH)
Batting: RHB Luis Arce 0-0: Ball
1-0: Ball
2-0: Ball
3-0: Called Strike
3-1: Fly out, F8 (Flyball, 78M, EV 88.8 MPH)
Batting: LHB Rich Sullivan 0-0: SINGLE (Groundball, 4MD, EV 106.2 MPH)
Nick Canizales to second
Batting: LHB Ryan Trombley 0-0: Ball
1-0: Called Strike
1-1: Ball
2-1: Foul Ball, location: 2F
2-2: Ball
3-2: Foul Ball, location: 2F
3-2: Strikes out looking
Batting: RHB Chef Belew 0-0: Fly out, F6 (Line Drive, 6, EV 65.0 MPH)
Top of the 2nd over - 0 runs, 2 hits, 0 errors, 2 left on base; Philadelphia 0 - Atlanta 3
BOTTOM OF THE 2ND
Atlanta Braves batting - Pitching for Philadelphia Phillies : RHP Scott Bernstein
Batting: RHB Xavier Davis 0-0: Ball
1-0: Ball
2-0: Foul Ball, location: 2F
2-1: Foul Ball, location: 2F
2-2: Strikes out looking
Batting: RHB Zach Thomason 0-0: Ball
1-0: Ball
2-0: Reached on error, E6 (Groundball, 6, EV 106.9 MPH)
Batting: RHB Liangde Li 0-0: Ball
1-0: Foul Ball, location: 2F
1-1: Foul Ball, location: 2F
1-2: Grounds into double play, 3-6-3 (Groundball, 34, EV 90.0 MPH)
Bottom of the 2nd over - 0 runs, 0 hits, 1 error, 0 left on base; Philadelphia 0 - Atlanta 3
TOP OF THE 3RD
Philadelphia Phillies batting - Pitching for Atlanta Braves : LHP Joe Testa
Batting: LHB Jeff Luvisi 0-0: Ball
1-0: Foul Ball, location: 2F
1-1: Ball
2-1: DOUBLE (Groundball, 3L, EV 103.8 MPH)
Batting: LHB Alberto Figueroa 0-0: Called Strike
0-1: Ball
1-1: Called Strike
1-2: Fly out, F7 (Flyball, 78M, EV 83.8 MPH)
Runner from 2nd tags up, SAFE at 3rd with throw by LF
Batting: RHB Raul de la Cruz 0-0: Ball
1-0: Ball
2-0: Ground out 5-3 (Groundball, 56, EV 82.5 MPH)
Jeff Luvisi scores
Batting: RHB Bill O'Neal 0-0: Ball
1-0: Fly out, F8 (Flyball, 8LM, EV 89.4 MPH)
Top of the 3rd over - 1 run, 1 hit, 0 errors, 0 left on base; Philadelphia 1 - Atlanta 3
BOTTOM OF THE 3RD
Atlanta Braves batting - Pitching for Philadelphia Phillies : RHP Scott Bernstein
Batting: LHB Colin Worthington 0-0: Ground out 5-3 (Groundball, 5L, EV 84.4 MPH)
Batting: RHB Jake Lang 0-0: Ball
1-0: Fly out, F8 (Flyball, 8RXD, EV 110.0 MPH)
Batting: LHB Seth Cook 0-0: Ground out 5-3 (Groundball, 6S, EV 95.6 MPH)
Bottom of the 3rd over - 0 runs, 0 hits, 0 errors, 0 left on base; Philadelphia 1 - Atlanta 3
TOP OF THE 4TH
Philadelphia Phillies batting - Pitching for Atlanta Braves : LHP Joe Testa
Batting: LHB Nick Canizales 0-0: Ball
1-0: Called Strike
1-1: Swinging Strike
1-2: Ball
2-2: Strikes out swinging
Batting: RHB Luis Arce 0-0: Called Strike
0-1: Ball
1-1: Foul Ball, location: 2F
1-2: Ball
2-2: Ball
3-2: Base on Balls
Batting: LHB Rich Sullivan 0-0: Foul Ball, location: 2F
0-1: Ball
1-1: Ball
2-1: Ball
3-1: Called Strike
3-2: Foul Ball, location: 2F
3-2: Fly out, F7 (Flyball, 7LM, EV 90.0 MPH)
Batting: LHB Ryan Trombley 0-0: Swinging Strike
0-1: Ball
1-1: Ball
2-1: Called Strike
2-2: Ball
3-2: Strikes out swinging
Top of the 4th over - 0 runs, 0 hits, 0 errors, 1 left on base; Philadelphia 1 - Atlanta 3
BOTTOM OF THE 4TH
Atlanta Braves batting - Pitching for Philadelphia Phillies : RHP Scott Bernstein
Batting: RHB Butch Kaiser 0-0: Called Strike
0-1: Swinging Strike
0-2: Foul Ball, location: 2F
0-2: Ball
1-2: Ball
2-2: Ball
3-2: SINGLE (Groundball, 4S, EV 71.9 MPH) (infield hit)
Batting: RHB Kanehisa Kubo 0-0: Ball
1-0: Swinging Strike
1-1: Ball
2-1: Foul Ball, location: 2F
2-2: DOUBLE (Line Drive, 5D, EV 94.4 MPH)
Butch Kaiser to third
Batting: LHB Tom Best 0-0: Ball
1-0: Called Strike
1-1: Swinging Strike
1-2: Ball
2-2: Ball
3-2: Ground out 4-3 (Groundball, 34D, EV 88.8 MPH)
Butch Kaiser scores
Kanehisa Kubo to third
Batting: RHB Xavier Davis 0-0: SINGLE (Groundball, 6MD, EV 86.2 MPH) (infield hit)
Kanehisa Kubo scores
Pitching: RHP Rico Romero
Batting: RHB Zach Thomason 0-0: Foul Ball, location: 2F
0-1: Ball
1-1: Ball
2-1: Swinging Strike
2-2: Strikes out looking
Batting: RHB Liangde Li 0-0: Called Strike
0-1: Swinging Strike
0-2: Ball
Xavier Davis steals 2nd base (no throw)
1-2: Foul Ball, location: 2F
1-2: Foul Ball, location: 2F
1-2: Ball
2-2: Ball
3-2: Ground out 6-3 (Groundball, 6, EV 83.8 MPH)
Bottom of the 4th over - 2 runs, 3 hits, 0 errors, 1 left on base; Philadelphia 1 - Atlanta 5
TOP OF THE 5TH
Philadelphia Phillies batting - Pitching for Atlanta Braves : LHP Joe Testa
Pitching: RHP Andy Kiefer
Batting: RHB Chef Belew 0-0: Ball
1-0: Foul Ball, location: 2F
1-1: Foul Ball, location: 2F
1-2: Ball
2-2: Ball
3-2: Foul Ball, location: 2F
3-2: Base on Balls
Batting: LHB Jeff Luvisi 0-0: Ball
1-0: Foul Ball, location: 2F
1-1: Foul Ball, location: 2F
1-2: Foul Ball, location: 2F
1-2: Strikes out swinging
Batting: LHB Alberto Figueroa 0-0: Called Strike
0-1: Swinging Strike
0-2: Ball
1-2: Strikes out swinging
Batting: RHB Raul de la Cruz 0-0: SINGLE (Groundball, 4MD, EV 95.6 MPH)
Chef Belew to second
Batting: RHB Bill O'Neal 0-0: Ball
1-0: Foul Ball, location: 2F
1-1: Foul Ball, location: 2F
1-2: Ball
2-2: Strikes out swinging
Top of the 5th over - 0 runs, 1 hit, 0 errors, 2 left on base; Philadelphia 1 - Atlanta 5
BOTTOM OF THE 5TH
Atlanta Braves batting - Pitching for Philadelphia Phillies : RHP Rico Romero
Batting: LHB Colin Worthington 0-0: Called Strike
0-1: Foul Ball, location: 2F
0-2: Strikes out looking
Batting: RHB Jake Lang 0-0: Called Strike
0-1: Ball
1-1: Foul Ball, location: 2F
1-2: Ball
2-2: Strikes out swinging
Batting: LHB Seth Cook 0-0: Called Strike
0-1: Ball
1-1: Ball
2-1: Foul Ball, location: 2F
2-2: Fly out, F7 (Flyball, 7, EV 90.0 MPH)
Bottom of the 5th over - 0 runs, 0 hits, 0 errors, 0 left on base; Philadelphia 1 - Atlanta 5
TOP OF THE 6TH
Philadelphia Phillies batting - Pitching for Atlanta Braves : RHP Andy Kiefer
Batting: LHB Nick Canizales 0-0: Called Strike
0-1: Ground out 4-3 (Groundball, 4M, EV 86.9 MPH)
Batting: RHB Luis Arce 0-0: Swinging Strike
0-1: Ball
1-1: Ground out 5-3 (Groundball, 56, EV 105.6 MPH)
Batting: LHB Rich Sullivan 0-0: Called Strike
0-1: Called Strike
0-2: Ball
1-2: Foul Ball, location: 2F
1-2: Ground out 4-3 (Groundball, 4, EV 103.8 MPH)
Top of the 6th over - 0 runs, 0 hits, 0 errors, 0 left on base; Philadelphia 1 - Atlanta 5
BOTTOM OF THE 6TH
Atlanta Braves batting - Pitching for Philadelphia Phillies : RHP Rico Romero
Batting: RHB Butch Kaiser 0-0: Ball
1-0: Ball
2-0: SINGLE (Line Drive, 8RS, EV 91.9 MPH)
Batting: RHB Kanehisa Kubo 0-0: Ball
1-0: SINGLE (Groundball, 6MD, EV 102.5 MPH)
Butch Kaiser to second
Batting: LHB Tom Best 0-0: Called Strike
0-1: Fly out, F4 (Flyball, 34D, EV 90.6 MPH)
Batting: RHB Xavier Davis 0-0: Swinging Strike
0-1: Called Strike
0-2: Foul Ball, location: 2F
0-2: Foul Ball, location: 2F
0-2: Ball
1-2: Strikes out swinging
Batting: RHB Zach Thomason 0-0: Fly out, F8 (Flyball, 8RM, EV 85.0 MPH)
Bottom of the 6th over - 0 runs, 2 hits, 0 errors, 2 left on base; Philadelphia 1 - Atlanta 5
TOP OF THE 7TH
Philadelphia Phillies batting - Pitching for Atlanta Braves : RHP Andy Kiefer
Pitching: LHP Micah Basinger
Batting: LHB Ryan Trombley 0-0: Swinging Strike
0-1: Ball
1-1: Ball
2-1: Foul Ball, location: 2F
2-2: Strikes out looking
Batting: RHB Chef Belew 0-0: Swinging Strike
0-1: Swinging Strike
0-2: Ground out 4-3 (Groundball, 4S, EV 81.9 MPH)
Pinch Hitting: LHB Eric Katz 0-0: SINGLE (Groundball, 6S, EV 69.4 MPH) (infield hit)
Batting: RHB Ji-an Li 0-0: SINGLE (Groundball, 4, EV 100.0 MPH)
Eric Katz to second
Runner from 2nd tries for 3rd, SAFE, throw by CF made to third
Pinch Hitting: SHB Danny Silvers 0-0: Ball
1-0: Called Strike
1-1: Swinging Strike
1-2: Ball
2-2: Foul Ball, location: 2F
2-2: Ball
Ji-an Li steals 2nd base
3-2: Base on Balls
Pinch Hitting: SHB Patrick Kimmel 0-0: Ball
1-0: Called Strike
1-1: Foul Ball, location: 2F
1-2: Strikes out swinging
Top of the 7th over - 0 runs, 2 hits, 0 errors, 3 left on base; Philadelphia 1 - Atlanta 5
BOTTOM OF THE 7TH
Atlanta Braves batting - Pitching for Philadelphia Phillies : RHP Rico Romero
Pitching: LHP Isaias Felix
Now at 1B: Danny Silvers
Now at 3B: Patrick Kimmel
Now in RF: Eric Katz
Pinch Hitting: LHB Davey Schonewille 0-0: Ball
1-0: Called Strike
1-1: Called Strike
1-2: Strikes out looking
Pinch Hitting: LHB Otte Klijnsma 0-0: Called Strike
0-1: Ball
1-1: Ground out 5-3 (Groundball, 5, EV 86.2 MPH)
Batting: RHB Jeckel Hester 0-0: Ball
1-0: SINGLE (Flyball, 4MD, EV 90.6 MPH)
Pinch Hitting: RHB Itsuo Egami 0-0: Ball
1-0: Ball
2-0: Ball
3-0: Called Strike
3-1: Base on Balls
Jeckel Hester to second
Batting: RHB Butch Kaiser 0-0: Ball
1-0: Ball
2-0: Called Strike
2-1: Foul Ball, location: 2F
2-2: Strikes out swinging
Bottom of the 7th over - 0 runs, 1 hit, 0 errors, 2 left on base; Philadelphia 1 - Atlanta 5
TOP OF THE 8TH
Philadelphia Phillies batting - Pitching for Atlanta Braves : LHP Micah Basinger
Pitching: RHP Brent Garland
Now at 2B: Xavier Davis
Now at SS: Itsuo Egami
Now in LF: Otte Klijnsma
Now in CF: Davey Schonewille
Pinch Hitting: RHB Mitch Boyd 0-0: Ball
1-0: Called Strike
1-1: Swinging Strike
1-2: Ball
2-2: Ball
3-2: Strikes out swinging
Batting: RHB Luis Arce 0-0: Ball
1-0: Ball
2-0: Foul Ball, location: 2F
2-1: Ball
3-1: Base on Balls
Batting: LHB Rich Sullivan 0-0: Ball
Wild Pitch!
Luis Arce to second
1-0: Foul Ball, location: 2F
1-1: Ground out U3 (Groundball, 3, EV 84.4 MPH)
Luis Arce to third
Pinch Hitting: RHB Matt Sanders 0-0: Called Strike
0-1: Swinging Strike
0-2: Ball
1-2: Strikes out swinging
Top of the 8th over - 0 runs, 0 hits, 0 errors, 1 left on base; Philadelphia 1 - Atlanta 5
BOTTOM OF THE 8TH
Atlanta Braves batting - Pitching for Philadelphia Phillies : LHP Isaias Felix
Now at 2B: Mitch Boyd
Now in CF: Eric Katz
Now in RF: Matt Sanders
Batting: RHB Kanehisa Kubo 0-0: Called Strike
0-1: Fly out, F9 (Flyball, 9LS, EV 83.1 MPH)
Batting: LHB Tom Best 0-0: Ball
1-0: Ball
2-0: Fly out, F4 (Flyball, 34D, EV 93.8 MPH)
Batting: RHB Xavier Davis 0-0: Ball
1-0: Foul Ball, location: 2F
1-1: Fly out, F5 (Popup, 5, EV 81.2 MPH)
Bottom of the 8th over - 0 runs, 0 hits, 0 errors, 0 left on base; Philadelphia 1 - Atlanta 5
TOP OF THE 9TH
Philadelphia Phillies batting - Pitching for Atlanta Braves : RHP Brent Garland
Pinch Hitting: SHB Rafael Vazquez 0-0: Called Strike
0-1: Ball
1-1: Foul Ball, location: 2F
1-2: Strikes out swinging
Batting: LHB Eric Katz 0-0: Swinging Strike
0-1: Ground out 4-3 (Groundball, 4, EV 83.1 MPH)
Batting: RHB Ji-an Li 0-0: Swinging Strike
0-1: Foul Ball, location: 2F
0-2: Ball
1-2: Strikes out swinging
Top of the 9th over - 0 runs, 0 hits, 0 errors, 0 left on base; Philadelphia 1 - Atlanta 5
Thursday, March 31st , 2022 - OOTP Baseball 22.12 Build 89